 Dungeon Crawl Stone Soup version 0.28-a0-519-gbfeecf2fc5 (webtiles) character file.

Game seed: 1214990860336271592

32 chris0x the Insei (level 3, 0/20 HPs)
             Began as a Vine Stalker Chaos Knight on Sept 23, 2021.
             Was a Plaything of Xom.
             Succumbed to an adder's poison
             ... on level 2 of the Dungeon.
             The game lasted 00:04:15 (1439 turns).

chris0x the Insei (Vine Stalker Chaos Knight)       Turns: 1439, Time: 00:04:15

Health: 0/20       AC:  6    Str: 14    XL:     3   Next: 25%
Magic:  2/4        EV: 11    Int: 12    God:    Xom [.....*]
Gold:   88         SH:  0    Dex: 14    Spells: 2/2 levels left

rFire   . . .      SeeInvis +     - Unarmed
rCold   . . .      Faith    .   (no shield)
rNeg    . . .      Spirit   +   a - +3 leather armour
rPois   .          Reflect  .   (no helmet)
rElec   .          Harm     .   (no cloak)
rCorr   .          Rampage  .   (no gloves)
Will    .....                   (no boots)
Stlth   +.........              (no amulet)
HPRegen 0.06/turn               e - ring of see invisible
MPRegen 0.09/turn               (no ring)

@: lethally poisoned (0 -> -4)
A: fangs 2, magic shield, antimagic bite, no potion heal 2
a: Renounce Religion


You were on level 2 of the Dungeon.
You worshipped Xom.
You were Xom's teddy bear.
You visited 1 branch of the dungeon, and saw 2 of its levels.

You collected 88 gold pieces.

Inventory:

Missiles
 b - 36 stones (quivered)
 c - 18 bolts
Armour
 a - a +3 leather armour (worn)
 f - a +0 scale mail
Jewellery
 e - a ring of see invisible (left hand)


   Skills:
 + Level 3.0 Fighting
 + Level 0.4 Throwing
 + Level 1.7 Armour
 * Level 1.0 Dodging
 * Level 1.2 Stealth
 + Level 3.3 Unarmed Combat
 + Level 0.2 Spellcasting


You had 2 spell levels left.
You didn't know any spells.
Your spell library was empty.

Dungeon Overview and Level Annotations

Branches:
Dungeon (2/15)

Altars:


Innate Abilities, Weirdness & Mutations

You have extremely sharp teeth.
When hurt, damage is shared between your health and your magic reserves.
Your bite disrupts and absorbs the magic of your enemies.
Potions cannot restore your health.


Message History

You hit the adder but do no damage.
The adder is moderately wounded.
The adder completely misses you.
You miss the adder. Your bite misses the adder.
The adder is moderately wounded.
The adder bites you but does no damage. The adder bites you.
You are poisoned.
The adder poisons you!
You closely miss the adder. Your bite misses the adder.
The adder is moderately wounded.
You feel sick. The ball python closely misses you. The ball python grabs you.
The ball python constricts you. The adder bites you.
You are lethally poisoned!
The adder poisons you!
You hit the adder but do no damage.
The adder is moderately wounded.
You feel sick.
The ball python bites you but does no damage.
The ball python constricts you. The adder bites you.
You hit the adder. Your bite misses the adder.
The adder is moderately wounded.
* * * LOW HITPOINT WARNING * * *
You feel sick. The ball python barely misses you.
The ball python constricts you. The adder bites you but does no damage.
The ball python bites you but does no damage.
The ball python constricts you.
You escape the ball python's grasp.
* * * LOW HITPOINT WARNING * * *
You feel sick. The adder bites you.
* * * LOW HITPOINT WARNING * * *
* * * LOW HITPOINT WARNING * * *
You feel sick.
The ball python bites you but does no damage.
The ball python misses you.
* * * LOW HITPOINT WARNING * * *
You feel sick.
You closely miss the adder.
The adder is moderately wounded.
You die...
Xom roars with laughter!

....... ..... ..... #.
... ##########... ...
...........##. #.#
...........##.##.# #
...........##..#@# .###
########.#.###.#S##.....
+......#...#...gS.......
######.#.._..#.#.##.....
# #.#⌠....#.#.# ....
######'###.#.....# ...
...........###...# ..
.........### ##..# .
.........# #..#


You could see an adder, a goblin and a ball python.

Vanquished Creatures
  A dart slug (D:1)
  4 ball pythons (D:1)
  2 bats (D:1)
  3 endoplasms (D:1)
  A giant cockroach (D:1)
  4 hobgoblins
  2 kobolds (D:1)
  3 frilled lizards (D:1)
  3 goblins
  5 rats
28 creatures vanquished.

Notes
Turn   | Place    | Note
-------+----------+-------------------------------------------
     0 | D:1      | chris0x the Vine Stalker Chaos Knight began the quest for
                  | the Orb.
     0 | D:1      | Reached XP level 1. HP: 11/11 MP: 2/2
   140 | D:1      | Reached XP level 2. HP: 15/16 MP: 3/3
   384 | D:1      | XOM: noise
   546 | D:1      | XOM: potion effect (invisibility)
   560 | D:1      | XOM: 2-stop teleportation journey
   641 | D:1      | XOM: divination: magic mapping
   650 | D:1      | Reached skill level 1 in Stealth
   747 | D:1      | Reached skill level 1 in Dodging
   805 | D:1      | XOM: silly message
   831 | D:1      | Reached XP level 3. HP: 19/20 MP: 4/4
  1022 | D:2      | XOM: smoke on damage
  1087 | D:2      | XOM: 6-stop teleportation journey
  1204 | D:2      | XOM: noise
  1278 | D:2      | XOM: noise
  1409 | D:2      | Found a faded altar of an unknown god.
  1438 | D:2      | HP: 1/20 [poisoned by an adder]
  1439 | D:2      | Succumbed to an adder's poison

Illustrated notes

Levels and vault maps discovered:
D:1:      psy_arrival_dodecagon, layout_rooms, chequers_serial_rivers_micro_a
D:2:      layout_basic, ebering_ecumenical_altar_abandoned,
          hangedman_abyss_or_decor_stabs, chequers_decorated_corner,
          dk_noncrumbling_4, minmay_misc_feat_square

Skill      XL: |  1  2 |
---------------+-------+-----
Fighting       | 3 |  3.0
Stealth        | 1 |  1.2
Dodging        | 1 |  1.0
Throwing       | |  0.4
Armour         | |  1.7
Unarmed Combat | |  3.3
Spellcasting   | |  0.2

Action                   || total
-------------------------++-------
Melee: Unarmed           ||    80
       Bite              ||    17
       Punch             ||     2
Throw: Stone             ||    10
  Use: Potion            ||     2
       Scroll            ||     5
 Stab: Sleeping          ||     2
Armor: Leather armour    ||    28
Dodge: Dodged            ||    61

Table legend: (Time is in decaauts)
 A = Elapsed time spent in this place.
 B = Non-inter-level travel time spent in this place.
 C = Inter-level travel time spent in this place.
 D = Time resting spent in this place.
 E = Time spent auto-exploring this place.
 F = Levels seen in this place.
 G = Mean time per level.
                   A        B        C        D        E       F      G
               +--------+--------+--------+--------+--------+-----+--------+
         Total |   1416 |   1386 |     30 |    419 |    601 |   2 |  708.0 |
       Dungeon |   1416 |   1386 |     30 |    419 |    601 |   2 |  708.0 |
               +--------+--------+--------+--------+--------+-----+--------+

Top non-repeatable levels by time:
     D:1: 954 daAuts
     D:2: 462 daAuts
